 Dungeon Crawl Stone Soup version 0.29-a0-838-g385bb11a5b (webtiles) character file.

Game seed: 13741596260504481492

191 gruber the Destroyer (level 5, -4/28 HPs)
             Began as a Tengu Conjurer on July 13, 2022.
             Killed by nerve-wracking pain
             ... invoked by an orc priest
              (7 damage)
             ... on level 3 of the Dungeon.
             The game lasted 00:02:21 (3173 turns).

gruber the Destroyer (Tengu Conjurer)               Turns: 3173, Time: 00:02:21

Health: -4/28      AC:  3    Str:  7    XL:     5   Next: 70%
Magic:  6/10       EV: 14    Int: 20    God:
Gold:   119        SH:  0    Dex: 13    Spells: 7/10 levels left

rFire   . . .      SeeInvis .   l - +4 dagger (drain)
rCold   . . .      Faith    .   (no shield)
rNeg    . . .      Spirit   .   a - +0 robe
rPois   .          Reflect  .   (helmet restricted)
rElec   .          Harm     .   n - +0 cloak
rCorr   .          Rampage  .   (no gloves)
Will    .....                   (boots unavailable)
Stlth   ++........              (no amulet)
HPRegen 0.09/turn               (no ring)
MPRegen 0.12/turn               (no ring)

@: flying quickly and evasively, quick
A: beak, talons 3, nimble flight
a: no special abilities


You were on level 3 of the Dungeon.
You visited 1 branch of the dungeon, and saw 3 of its levels.

You collected 119 gold pieces.

Inventory:

Hand Weapons
 j - a +0 rapier
 l - a +4 dagger of draining (weapon)
Armour
 a - a +0 robe (worn)
 n - a +0 cloak (worn)
Jewellery
 e - a +6 ring of intelligence
Wands
 k - a wand of flame (20)
Scrolls
 c - a scroll of torment {unknown}
 f - 4 scrolls of identify {unknown}
 i - 4 scrolls of amnesia {unknown}
 m - a scroll of noise {unknown}
 q - 3 scrolls of teleportation {unknown}
 r - a scroll of fog {unknown}
Potions
 b - a potion of magic
 d - a potion of curing {unknown}
 g - a potion of might {unknown}
 h - a potion of haste {unknown}
 o - a potion of invisibility {unknown}
 p - a potion of degeneration {unknown}
 s - a potion of flight {unknown}
 t - 2 potions of berserk rage {unknown}
 u - 2 potions of cancellation {unknown}


   Skills:
 - Level 2.1 Dodging
 - Level 2.0 Stealth
 + Level 3.0 Spellcasting
 + Level 8.2 Conjurations


You had 7 spell levels left.
You knew the following spells:

 Your Spells              Type           Power      Damage    Failure   Level
a - Magic Dart            Conj           100%       1d8       1%          1
b - Searing Ray           Conj           72%        2d7       1%          2

Your spell library contained the following spells:

 Spells                   Type           Power      Damage    Failure   Level
 Dazzling Flash           Conj/Hex       38%        N/A       8%          3
 Freeze                   Ice            12%        1d4       14%         1
 Blink                    Tloc           6%         N/A       22%         2
 Fulminant Prism          Conj/Hex       9%         3d7       26%         4
 Hailstorm                Conj/Ice       19%        3d6       26%         4
 Iskenderun's Mystic Bla  Conj/Tloc      19%        2d6       26%         4
 Frozen Ramparts          Ice            6%         1d2       38%         3
 Lesser Beckoning         Tloc           3%         N/A       38%         3
 Manifold Assault         Tloc           3%         N/A       98%         5


Dungeon Overview and Level Annotations

Branches:
Dungeon (3/15)

Altars:


Innate Abilities, Weirdness & Mutations

You have a beak for a mouth.
You have claws for feet.
Your magical nature lets you fly swiftly and evasively.


Message History

Found a stone staircase leading up.
No target in view!
Found a hand axe.
Items here: ! $ ) [.
You now have 119 gold pieces (gained 6).
u - 2 sapphire potions
Things that are here:
a +0 leather armour; a +0 falchion A bat is nearby!
Things that are here:
a +0 leather armour; a +0 hand axe A bat is nearby!
There is a stone staircase leading down here.
A bat is nearby!
An orc priest comes into view.
It is wielding a +1 flail of protection.
The orc priest shouts!
There are monsters nearby!
You hit the bat.
You kill the bat!
The orc priest invokes the aid of Beogh against you.
Beogh smites you!
Casting: Searing Ray (safe; 1% risk of failure)
Confirm with . or Enter, or press ? or * to list all spells.
Aiming: Searing Ray (safe; 1% risk of failure)
Press: ? - help, Shift-Dir - straight line, f - orc priest
Aim: an orc priest, wielding a +1 flail of protection (81% to hit)
The searing ray hits the orc priest.
The orc priest is moderately wounded. (Press . to maintain the ray.)
The orc priest calls down the wrath of Beogh upon you.
Beogh smites you!
* * * LOW HITPOINT WARNING * * *
The searing ray hits the orc priest.
The orc priest is heavily wounded.
The orc priest looks braver for a moment.
The searing ray hits the orc priest.
The orc priest is almost dead.
The orc priest mumbles some strange prayers to Beogh against you.
Pain shoots through your body!
You die...

.... ## #... ...## #..
#... .<$# #.### ##..#
#..# ....#
...#####..#####.#..
##.####.....#......#.#..
.........##.##.###.#.#..
#..o..@..>.............
#......)...[[...........
#.###.....#....#.#.#.#..
#..............#.#.#
.......#....#.###.#.#
##.#########..........
#. #.#.###.#.# #. #.#.#
#.... #.#.# ###.#


You could see an orc priest.

Vanquished Creatures
  2 orc priests (D:3)
  Robin (D:2)
  4 adders
  2 worms (D:2)
  5 orcs (D:3)
  8 ball pythons
  6 endoplasms
  2 giant cockroaches
  12 goblins
  7 hobgoblins (D:2)
  3 jackals (D:3)
  4 kobolds
  A quokka (D:1)
  5 bats
  5 frilled lizards (D:1)
  2 rats (D:1)
69 creatures vanquished.

Notes
Turn   | Place    | Note
-------+----------+-------------------------------------------
     0 | D:1      | gruber the Tengu Conjurer began the quest for the Orb.
     0 | D:1      | Reached XP level 1. HP: 10/10 MP: 4/4
   141 | D:1      | Reached XP level 2. HP: 15/15 MP: 4/6
   391 | D:1      | Reached skill level 6 in Conjurations
   799 | D:1      | Reached XP level 3. HP: 19/19 MP: 5/7
   802 | D:1      | Learned a level 2 spell: Searing Ray
  1025 | D:2      | Noticed Robin
  1031 | D:2      | Killed Robin
  1036 | D:2      | Reached XP level 4. HP: 10/24 MP: 1/8
  1061 | D:2      | Reached skill level 7 in Conjurations
  2657 | D:3      | Gained mutation: Your magical nature lets you fly swiftly
                  | and evasively. [Tengu growth]
  2657 | D:3      | Reached XP level 5. HP: 23/28 MP: 1/10
  2924 | D:3      | Reached skill level 8 in Conjurations
  3173 | D:3      | Killed from afar by an orc priest

Illustrated notes

Levels and vault maps discovered:
D:1:      shiori_arrival_maze, layout_basic
D:2:      minmay_razor_zed, layout_loops_ring, uniq_robin
D:3:      layout_basic

Skill      XL: |  1  2  3  4  5 |
---------------+----------------+-----
Conjurations   | 6 7 8 |  8.2
Spellcasting   | 3 |  3.0
Dodging        | |  2.1
Stealth        | |  2.0

Action                   |  1- 3 |  4- 6 || total
-------------------------+-------+-------++-------
Melee: Unarmed           |     3 |       ||     3
       Kick              |     2 |    11 ||    13
       Dagger            |       |    33 ||    33
       Peck              |       |     5 ||     5
 Cast: Magic Dart        |    41 |    14 ||    55
       Searing Ray       |     1 |    10 ||    11
 Stab: Sleeping          |       |     2 ||     2
Armor: Robe              |     1 |     7 ||     8
Dodge: Dodged            |     6 |    35 ||    41

Table legend: (Time is in decaauts)
 A = Elapsed time spent in this place.
 B = Non-inter-level travel time spent in this place.
 C = Inter-level travel time spent in this place.
 D = Time resting spent in this place.
 E = Time spent auto-exploring this place.
 F = Levels seen in this place.
 G = Mean time per level.
                   A        B        C        D        E       F      G
               +--------+--------+--------+--------+--------+-----+--------+
         Total |   3144 |   2951 |    193 |     48 |   2571 |   3 | 1048.0 |
       Dungeon |   3144 |   2951 |    193 |     48 |   2571 |   3 | 1048.0 |
               +--------+--------+--------+--------+--------+-----+--------+

Top non-repeatable levels by time:
     D:2: 1645 daAuts
     D:1: 892 daAuts
     D:3: 607 daAuts
